 Dungeon Crawl Stone Soup version 0.20.0-8-g6b59dc7 (webtiles) character file.

173 straycat the Sneak (level 5, 0/39 HPs)
             Began as a Vampire Wanderer on May 30, 2017.
             Slain by a killer bee (6 damage)
             ... on level 2 of the Dungeon.
             The game lasted 00:21:03 (4026 turns).

straycat the Sneak (Vampire Wanderer)               Turns: 4026, Time: 00:21:03

Health: 0/39       AC:  7    Str: 13    XL:     5   Next: 28%
Magic:  11/11      EV: 15    Int: 13    God:
Gold:   136        SH:  8    Dex: 19    Spells: 12/12 levels left

rFire    . . .     SeeInvis +   v - +1 whip (venom)
rCold    + . .     Gourm    .   a - +0 shield
rNeg     + + .     Faith    .   B - +0 leather armour
rPois    +         Spirit   .   (no helmet)
rElec    .         Reflect  .   (no cloak)
rCorr    .         Harm     +   e - +0 pair of gloves
MR       .....                  (no boots)
Stlth    +++++.....             w - amulet of harm
Regen    0.1/turn               A - +3 ring of protection
MPRegen  0.2/turn               (no ring)

@: agile, regenerating slowly
A: fangs 3, see invisible, unbreathing
a: Bat Form


You were on level 2 of the Dungeon.
You were thirsty.

You visited 1 branch of the dungeon, and saw 3 of its levels.

You collected 136 gold pieces.

Inventory:

Hand Weapons
 o - a +0 hand axe
 p - a +0 short sword
 v - a +1 whip of venom (weapon)
 z - a +0 hunting sling
Missiles
 d - 12 sling bullets
 i - 78 stones (quivered)
 k - 33 poisoned needles
 t - 25 bolts
 x - 8 needles of confusion
 C - a throwing net
Armour
 a - a +0 shield (worn)
 e - a +0 pair of gloves (worn)
 h - a +0 large shield
 l - a +0 chain mail
 B - a +0 leather armour (worn)
Jewellery
 q - an uncursed amulet of magic regeneration
 w - an amulet of harm (around neck)
 A - a +3 ring of protection (left hand)
Scrolls
 c - 3 scrolls of teleportation
 u - a scroll of remove curse
Potions
 f - 7 potions of blood
 j - a potion of curing {unknown}
 m - a potion of heal wounds {unknown}
Books
 b - the Tome of Creation

   Spells                             Type                      Level
   a - Summon Butterflies             Summoning                    1
   b - Summon Guardian Golem          Hexes/Summoning              3


   Skills:
 * Level 2.3 Fighting
 + Level 1.3 Short Blades
 * Level 2.5 Dodging
 * Level 4.9 Stealth
 - Level 1.0 Shields
 - Level 4.0 Spellcasting
   Level 1.0 Conjurations
   Level 1.5 Hexes
   Level 2.1 Charms


You had 12 spell levels left.
You didn't know any spells.

Dungeon Overview and Level Annotations

Branches:
Dungeon (3/15)

Altars:
Cheibriados

Annotations:
D:3 Jumanji's ghost, amateur MiFi


Innate Abilities, Weirdness & Mutations

You heal slowly.
You have razor-sharp teeth.
You have supernaturally acute eyesight. (SInv)
You can survive without breathing.


Message History

You block the killer bee's attack. The killer bee closely misses you.
You feel agile all of a sudden.
You kill the killer bee!
You have reached level 5!
You feel agile. The killer bee barely misses you.
You closely miss the killer bee. The killer bee barely misses you.
The killer bee stings you.
* * * LOW HITPOINT WARNING * * *
You hit the killer bee but do no damage.
The killer bee is poisoned.
The killer bee closely misses you. You block the killer bee's attack.
The killer bee barely misses you.
You closely miss the killer bee.
The killer bee is heavily wounded.
The killer bee barely misses you. The killer bee closely misses you.
Your shield prevents you from hitting the killer bee.
Your bite misses the killer bee.
The killer bee is heavily wounded.
The killer bee barely misses you. The killer bee stings you.
You die...

#....... ################.####.#
#...................#.#
###########..........#####.#.##.#
..##.................# #.#....#
♣............####.#### ##.######
P♣♣..........# #.# #...#
♣♣.P.........####.# #...#
♣♣.............y@.# #...#####
P............###### #####........
####.....≈≈≈....# #..........##
########≈≈y≈≈...# #..........##
........≈≈.≈≈...#####............
........≈y≈≈≈.#..................
.........≈≈≈..#.....)............
.........#_#..#....).............
.........###..#................##


You could see a killer bee.

Vanquished Creatures
  2 killer bees (D:2)
  2 adders (D:2)
  An ooze (D:2)
  2 worms (D:2)
  6 dart slugs
  5 bats
  2 giant cockroaches (D:2)
  6 goblins
  2 hobgoblins (D:2)
  3 jackals (D:1)
  A ball python (D:1)
  3 frilled lizards
  9 kobolds
  7 rats
51 creatures vanquished.

Notes
Turn   | Place    | Note
-------+----------+-------------------------------------------
     0 | D:1      | straycat the Vampire Wanderer began the quest for the Orb.
     0 | D:1      | straycat set off with: a +0 shield, the Tome of Creation, a scroll of teleportation, a +0 robe, a +0 club, a potion of blood
     0 | D:1      | Reached XP level 1. HP: 13/13 MP: 5/5
     0 | D:1      | Identified the Tome of Creation
   376 | D:1      | Reached XP level 2. HP: 4/20 MP: 7/7
   914 | D:1      | Reached skill level 1 in Fighting
  1255 | D:1      | Reached skill level 1 in Dodging
  1304 | D:1      | Reached XP level 3. HP: 19/26 MP: 8/8
  1997 | D:2      | Found a snail-covered altar of Cheibriados.
  2586 | D:2      | Reached XP level 4. HP: 33/33 MP: 10/10
  3588 | D:3      | Noticed Jumanji's ghost (amateur MiFi)
  4016 | D:2      | Reached skill level 1 in Short Blades
  4022 | D:2      | Reached XP level 5. HP: 8/39 MP: 11/11
  4026 | D:2      | Slain by a killer bee

Skill      XL: |  1  2  3  4 |
---------------+-------------+-----
Stealth        | 2 3 4 |  4.9
Fighting       | 1 2 |  2.3
Dodging        | 1 2 |  2.5
Short Blades   | 1 |  1.3
Shields        | |  1.0
Spellcasting   | |  4.0
Conjurations   | |  1.0
Hexes          | |  1.5
Charms         | |  2.1

Action                   |  1- 3 |  4- 6 || total
-------------------------+-------+-------++-------
Melee: Short sword       |    12 |       ||    12
       Hand axe          |    56 |       ||    56
       Club              |     3 |       ||     3
       Bite              |     6 |     5 ||    11
       Whip              |    40 |    41 ||    81
Throw: Stone             |     4 |     2 ||     6
  Use: Potion            |     5 |     3 ||     8
       Scroll            |     1 |     5 ||     6
 Stab: Sleeping          |     4 |     1 ||     5
  Eat: Corpse            |       |     1 ||     1
Armor: Chain mail        |     2 |       ||     2
       Robe              |    14 |     2 ||    16
       Leather armour    |       |    13 ||    13
Dodge: Dodged            |    38 |    28 ||    66
Block: Shield            |    34 |    15 ||    49
       Large shield      |    19 |     1 ||    20
